 Dungeon Crawl Stone Soup version 0.30.0-3-ga4e48a9924 (webtiles) character file.

Game seed: 1541534943025150020

13854 jlumianski the Cleaver (level 11, -13/74 HPs)
             Began as a Demonspawn Fighter on May 7, 2023.
             Was an Elder of Qazlal.
             Mangled by a sun demon (17 damage)
             ... summoned by an obsidian statue
             ... on level 11 of the Dungeon.
             The game lasted 00:42:35 (9884 turns).

jlumianski the Cleaver (Demonspawn Fighter)         Turns: 9884, Time: 00:42:36

Health: -13/74     AC: 16    Str: 20      XL:     11   Next: 81%
Magic:  17/17      EV: 11    Int: 10      God:    Qazlal [****..]
Gold:   420        SH: 16    Dex: 11 (13) Spells: 10/10 levels left

rFire   . . .        a - +0 war axe
rCold   + . .        c - +0 buckler
rNeg    . . .        P - +2 scale mail {rF+}
rPois   +            (helmet unavailable)
rElec   .            U - +0 cloak "Qyata" {Rampage rF- rC+}
rCorr   .            s - +1 pair of gloves
SInv    +            o - +2 pair of boots
Will    .....        u - amulet of regeneration Stlth
                     I - ring of see invisible
HPRegen 1.12/turn    (no ring)
MPRegen 0.15/turn

%: repel missiles, rampage
@: no status effects
A: antennae 3, large bone plates 2, ignite blood 1, spiny 1, frail 1, poison
resistance
a: Renounce Religion, Upheaval, Elemental Force


You were on level 11 of the Dungeon.
You worshipped Qazlal.
Qazlal was greatly pleased with you.
You visited 2 branches of the dungeon, and saw 12 of its levels.
You also visited: Ossuary.

You collected 720 gold pieces.
You spent 300 gold pieces at shops.

Inventory:

Hand Weapons
 a - a +0 war axe (weapon)
 w - a +3 trident of freezing
Missiles
 m - 4 atropa-tipped darts (quivered)
 x - 7 curare-tipped darts
 B - 4 javelins
 X - 3 poisoned darts
 Y - 6 boomerangs of dispersal
Armour
 c - a +0 buckler (worn)
 o - a +2 pair of boots (worn)
 s - a +1 pair of gloves (worn)
 P - a +2 scale mail of fire resistance (worn)
 U - the +0 cloak "Qyata" (worn) {Rampage rF- rC+}
   (You found it on level 9 of the Dungeon)

   rF:        It makes you vulnerable to fire.
   rC:        It protects you from cold.
   Rampage:   It bestows one free step when moving towards enemies.
Jewellery
 u - an amulet of regeneration (around neck)
 I - a ring of see invisible (left hand)
 O - an amulet of guardian spirit
Wands
 z - a wand of acid (11)
 A - a wand of iceblast (7)
 N - a wand of mindburst (2)
 Z - a wand of charming (4)
Scrolls
 g - 2 scrolls of poison
 l - 4 scrolls of immolation
 q - 5 scrolls of teleportation
 r - 3 scrolls of blinking {unknown}
 v - 2 scrolls of torment
 y - a scroll of fear
 C - a scroll of silence {unknown}
 H - 2 scrolls of noise {unknown}
 J - a scroll of magic mapping {unknown}
 R - a scroll of fog
Potions
 d - a potion of might
 i - a potion of flight
 j - 5 potions of heal wounds
 k - 5 potions of curing
 p - a potion of invisibility
 G - 2 potions of haste {unknown}
 L - a potion of resistance {unknown}
 S - a potion of magic {unknown}
 W - a potion of cancellation {unknown}
Miscellaneous
 T - a phantom mirror
 V - a tin of tremorstones (2/2)


   Skills:
 + Level 6.8 Fighting
 + Level 10.3 Axes
 + Level 0.7 Throwing
 + Level 6.4 Armour
 + Level 4.2 Dodging
 + Level 1.1 Stealth
 + Level 7.6 Shields
 * Level 8.3 Invocations
 * Level 6.7 Evocations


You had 10 spell levels left.
You didn't know any spells.
Your spell library contained the following spells:

 Spells                   Type           Power      Damage    Failure   Level
 Magic Dart               Conj           0%         1d3       75%         1
 Ensorcelled Hibernation  Hex/Ice        0%         N/A       87%         2
 Searing Ray              Conj           0%         2d4       87%         2
 Spider Form              Tmut/Pois      0%         N/A       98%         3
 Anguish                  Hex/Necr       0%         N/A       100%        4
 Animate Dead             Necr           0%         N/A       100%        4
 Fulminant Prism          Conj/Hex       0%         3d5       100%        4
 Borgnjor's Vile Clutch   Necr/Erth      0%         N/A       100%        5
 Death Channel            Necr           0%         N/A       100%        6


Dungeon Overview and Level Annotations

Branches:
Dungeon (11/15)            Temple (1/1) D:4            Lair (0/5) D:11
Ossuary (visited)
    Orc: D:9-12

Altars:
Ashenzari
Cheibriados
Dithmenos
Fedhas
Gozag
Hepliaklqana
Kikubaaqudgha
Makhleb
Nemelex Xobeh
Okawaru
Qazlal
Ru
Sif Muna
Trog
Uskayaw
Vehumet
Wu Jian
Xom
Yredelemnul

Shops:
D:1 (*=

Portals:
Trove: D:10 (give horn of Geryon)

Annotations:
D:11 exclusion: obsidian statue


Innate Abilities, Weirdness & Mutations

You have a pair of large antennae on your head. (SInv)
You are mostly covered in large bone plates. (SH +6)
Your demonic aura sometimes causes spilled blood to erupt in flames.
You are partially covered in sharp spines.
You are frail. (-10% HP)
Your system is resistant to poisons. (rPois)


Message History

You block the vampire mosquito's attack. x2
You block the hellwing's attack.
The hellwing hits you but does no damage.
The vampire mosquito is engulfed in a thunderstorm.
You destroy the vampire mosquito!
Qazlal accepts your kill.
The storm surrounding you is now powerful enough to repel missiles.
You will now adapt resistances upon receiving elemental damage.
The vampire mosquito attacks as you move away!
The vampire mosquito is struck by your spines.
The vampire mosquito bites you but does no damage. x2
The vampire mosquito attacks as you move away!
You block the vampire mosquito's attack.
The vampire mosquito is struck by your spines.
You destroy the vampire mosquito!
Qazlal accepts your kill.
You hit the sun demon but do no damage. The sun demon hits you.
You are engulfed in flames!
The hellwing swoops through the air toward you!
You block the hellwing's attack. x2
You closely miss the sun demon. You hit the hellwing.
You block the sun demon's attack. You block the hellwing's attack.
The hellwing closely misses you.
You barely miss the sun demon. You slash the hellwing!
The sun demon is struck by your spines. The sun demon hits you.
You are engulfed in flames!
The hellwing is engulfed in a thunderstorm.
You block the hellwing's attack.
The hellwing hits you but does no damage.
You closely miss the sun demon.
The sun demon is lightly wounded.
You hit the hellwing but do no damage. The sun demon hits you.
You are engulfed in flames!
* * * LOW HITPOINT WARNING * * *
The hellwing barely misses you.
The hellwing hits you but does no damage.
The sun demon hits you!
* * * LOW HITPOINT WARNING * * *
You are engulfed in flames!
You die...

......##... 84..8#.........
..#.........#8.8#..........
...........................
...........................
#........###...###.........
.........##.....##.........
##.......#.......#.§......#
.##.##...#.......#.#......#
....###....P..○.@3####...##
..[.†#...........4......##
.....)[......>.°.°☼.....#
.##††)##.................
.#..##.#................##
.........#.......#...#..#
.#.).....#.......#...####
.#.......##.....######
.........###...##


You could see a sun demon (summoned) and a hellwing (summoned).

Vanquished Creatures
  3 two-headed ogres
  The ghost of olmar the Basher, a novice GrFi of Wu Jian (D:7)
  Pikel (D:7)
  A cyclops (D:11)
  3 kobold demonologists (D:8)
  3 trolls
  A vampire (D:9)
  A shadow (D:9)
  2 wyverns
  19 yaks
  3 vampire mosquitoes (D:11)
  A steam dragon (D:8)
  2 wargs (D:11)
  2 ice beasts (D:6)
  2 sky beasts
  A black bear (D:4)
  2 ogres
  2 orc warriors
  6 centaurs
  4 phantoms
  A lemure (D:7)
  A kobold brigand (D:7)
  2 bullfrogs
  An elf zombie (Ossuary)
  3 gnoll sergeants
  3 scorpions
  14 wights
  9 killer bees
  6 howler monkeys
  A crimson imp (D:5)
  3 centaur zombies (Ossuary)
  7 hounds
  2 human zombies (Ossuary)
  9 orc priests
  A jelly (D:7)
  Crazy Yiuf (D:5)
  4 iguanas
  A sleepcap (D:7)
  15 orc wizards
  2 hound zombies (Ossuary)
  3 mummies (Ossuary)
  14 gnolls
  10 adders
  2 shadow imps
  A white imp (D:8)
  An ufetubus (D:7)
  2 adder zombies (Ossuary)
  2 worms (D:2)
  4 dart slugs (D:4)
  40 orcs
  4 ball pythons
  6 endoplasms
  4 giant cockroaches
  6 goblins
  7 hobgoblins
  12 jackals
  6 quokkas
  3 bats
  3 frilled lizards
  2 gnoll zombies (Ossuary)
  6 goblin zombies (Ossuary)
  4 hobgoblin zombies (Ossuary)
  3 jackal zombies (Ossuary)
  21 kobolds
  4 kobold zombies (Ossuary)
  2 orc zombies (Ossuary)
  2 quokka zombies (Ossuary)
  5 rats
  5 rat zombies
330 creatures vanquished.

Vanquished Creatures (others)
  An orc wizard (D:4)
  A fungus (D:2)
  A plant (D:2)
3 creatures vanquished.

Grand Total: 333 creatures vanquished

Notes
Turn   | Place    | Note
-------+----------+-------------------------------------------
     0 | D:1      | jlumianski the Demonspawn Fighter began the quest for the
                  | Orb.
     0 | D:1      | Reached XP level 1. HP: 18/18 MP: 1/1
    37 | D:1      | Found Tykesur's Assorted Antiques.
   114 | D:1      | Gained mutation: You are partially covered in sharp spines.
                  | [demonic ancestry]
   114 | D:1      | Reached XP level 2. HP: 24/24 MP: 2/2
   220 | D:1      | Found Vanonac's Weapon Shop.
   354 | D:1      | Reached skill level 2 in Axes
   508 | D:1      | Gained mutation: You are partially covered in large bone
                  | plates. (SH +4) [demonic ancestry]
   508 | D:1      | Reached XP level 3. HP: 27/29 MP: 3/3
   520 | D:1      | Found Saring's Jewellery Shop.
   904 | D:1      | Gained mutation: You have a pair of small horns on your
                  | head. [potion of mutation]
   904 | D:1      | Gained mutation: You are frail. (-10% HP) [potion of
                  | mutation]
   904 | D:1      | Gained mutation: Your system is resistant to poisons.
                  | (rPois) [potion of mutation]
   967 | D:2      | Lost mutation: You have a pair of small horns on your head.
                  | [demonic ancestry]
   967 | D:2      | Gained mutation: You have a pair of small antennae on your
                  | head. [demonic ancestry]
   967 | D:2      | Reached XP level 4. HP: 31/32 MP: 4/4
  1098 | D:4      | Found an ornate altar of the Wu Jian Council.
  1209 | D:4      | Reached skill level 3 in Axes
  1223 | D:4      | Gained mutation: You have a pair of antennae on your head.
                  | [demonic ancestry]
  1223 | D:4      | Reached XP level 5. HP: 25/37 MP: 5/5
  1261 | D:4      | Found a staircase to the Ecumenical Temple.
  1275 | D:4      | Found a sand-covered staircase.
  1287 | Temple   | Entered the Ecumenical Temple
  1520 | Ossuary  | Entered an ossuary
  1598 | Ossuary  | Reached skill level 4 in Axes
  1645 | Ossuary  | Gained mutation: Your demonic aura sometimes causes spilled
                  | blood to erupt in flames. [demonic ancestry]
  1645 | Ossuary  | Reached XP level 6. HP: 43/43 MP: 6/6
  1718 | Ossuary  | Reached skill level 1 in Dodging
  1900 | Ossuary  | Reached skill level 5 in Axes
  2186 | D:2      | Found a faded altar of an unknown god.
  2893 | D:1      | Bought an amulet of regeneration for 300 gold pieces
  2951 | D:3      | Gained mutation: You are mostly covered in large bone
                  | plates. (SH +6) [demonic ancestry]
  2951 | D:3      | Reached XP level 7. HP: 48/48 MP: 7/7
  3577 | D:5      | Entered Level 5 of the Dungeon
  3618 | D:4      | Reached skill level 1 in Stealth
  3785 | D:4      | Reached skill level 6 in Axes
  3943 | D:5      | Reached XP level 8. HP: 54/54 MP: 8/8
  4163 | D:5      | Found an opulent altar of Gozag.
  4165 | D:5      | Found a stormy altar of Qazlal.
  4167 | D:5      | Found an ornate altar of the Wu Jian Council.
  4174 | D:5      | Found an ancient bone altar of Kikubaaqudgha.
  4174 | D:5      | Found a blossoming altar of Fedhas.
  4174 | D:5      | Found a shimmering blue altar of Sif Muna.
  4177 | D:5      | Became a worshipper of Qazlal Stormbringer
  4182 | D:5      | Found a basalt altar of Yredelemnul.
  4210 | D:5      | Found a radiant altar of Vehumet.
  4217 | D:5      | Reached skill level 5 in Fighting
  4224 | D:5      | Reached skill level 7 in Axes
  4456 | D:6      | Reached skill level 1 in Invocations
  4487 | D:7      | Reached skill level 1 in Evocations
  4540 | D:5      | Identified the +2 robe of Indemnity {rPois Str+2 Stlth-}
  4562 | D:5      | Found a runed translucent door.
  4563 | D:5      | Noticed Crazy Yiuf
  4570 | D:5      | Killed Crazy Yiuf
  4964 | D:5      | Found a shimmering altar of Xom.
  4964 | D:5      | Found a burning altar of Makhleb.
  5168 | D:6      | Reached XP level 9. HP: 61/61 MP: 10/10
  5273 | D:6      | Reached skill level 5 in Shields
  5397 | D:6      | Reached * piety under Qazlal
  5700 | D:7      | Found a runed translucent door.
  5701 | D:7      | Noticed a troll
  5701 | D:7      | Noticed olmar's ghost (novice GrFi)
  5836 | D:7      | Noticed Pikel
  5861 | D:7      | Killed Pikel
  5862 | D:7      | Reached skill level 8 in Axes
  5885 | D:7      | Found an iron altar of Okawaru.
  5990 | D:7      | Reached skill level 5 in Armour
  5990 | D:7      | Reached skill level 5 in Invocations
  6097 | D:8      | Reached ** piety under Qazlal
  6122 | D:8      | Reached XP level 10. HP: 64/66 MP: 13/13
  6511 | D:7      | Killed olmar's ghost
  6658 | D:8      | Noticed a two-headed ogre
  6673 | D:8      | Killed a two-headed ogre
  6963 | D:8      | Reached skill level 5 in Evocations
  7089 | D:9      | Noticed an orange demon
  7149 | D:8      | Reached skill level 9 in Axes
  7694 | D:10     | Entered Level 10 of the Dungeon
  7696 | D:10     | Noticed a two-headed ogre
  7696 | D:10     | Noticed a two-headed ogre
  7748 | D:9      | Killed a two-headed ogre
  8136 | D:9      | Identified the +0 cloak "Qyata" {Rampage rF- rC+}
  8190 | D:9      | Gained mutation: You have a pair of large antennae on your
                  | head. (SInv) [demonic ancestry]
  8190 | D:9      | Reached XP level 11. HP: 58/72 MP: 16/16
  8896 | D:11     | Reached *** piety under Qazlal
  9113 | D:10     | Found a portal to a secret trove of treasure.
  9160 | D:9      | Killed a two-headed ogre
  9225 | D:10     | Reached skill level 10 in Axes
  9840 | D:11     | Found a staircase to the Lair.
  9869 | D:11     | Noticed an obsidian statue
  9872 | D:11     | Noticed a sun demon
  9876 | D:11     | Reached **** piety under Qazlal
  9884 | D:11     | Mangled by a sun demon

Illustrated notes

Levels and vault maps discovered:
D:1:      lightli_arrival_isolated_outpost, layout_basic, serial_shops,
          nicolae_square_shop, nicolae_square_shop, shop, nrook_campfire
D:2:      layout_basic, dreamdust_ecumenical_altar_hidden_monk_grotto
D:3:      layout_rooms
D:4:      minmay_opposing_rooms, layout_loops_ring, minmay_temple_entry_tees,
          enter_ossuary_3, minmay_misc_feat_hallway, kennysheep_small_circle
D:5:      layout_layer_cave, grunt_temple_overflow_champion_of_chaos,
          mainiacjoe_overflow_small_starburst, minitemple,
          uniq_crazy_yiuf_cottage
D:6:      minmay_angry_zag, layout_rooms
D:7:      wander_river, layout_loops_cross, okawaru_trees_1,
          ebering_ghost_inner_flame, uniq_pikel
D:8:      layout_loops_corners
D:9:      layout_loops_corners
D:10:     layout_basic, nicolae_trove_entry_isolated
D:11:     layout_cave_pools, erik_lair_orcish_takeover, minmay_statue_bubble
Temple:   chequers_temple_sunken

Skill      XL: |  1  2  3  4  5  6  7  8  9 10 11 |
---------------+----------------------------------+-----
Axes           | 2 3 4 5 6 7 8 9 10 | 10.3
Shields        | 3 4 5 6 7 |  7.6
Armour         | 3 4 5 6 |  6.4
Dodging        | 1 2 3 4 |  4.2
Fighting       | 4 5 6 |  6.8
Stealth        | 1 |  1.1
Invocations    | 2 5 6 8 |  8.3
Evocations     | 1 4 5 6 |  6.7
Throwing       | |  0.7

Action                     |  1- 3 |  4- 6 |  7- 9 | 10-12 || total
---------------------------+-------+-------+-------+-------++-------
  Melee: War axe           |    49 |   197 |   383 |   351 ||   980
         Headbutt          |     2 |       |       |       ||     2
  Throw: Javelin           |       |       |     5 |     1 ||     6
         Dart              |       |       |       |     5 ||     5
 Invoke: Upheaval          |       |       |       |     2 ||     2
  Evoke: Wand              |       |       |       |     3 ||     3
    Use: Potion            |     1 |       |     2 |     2 ||     5
         Scroll            |       |     8 |     4 |     5 ||    17
 Armour: Scale mail        |    23 |    64 |   105 |    91 ||   283
         Chain mail        |       |       |    44 |    18 ||    62
  Dodge: Dodged            |    34 |    80 |   134 |   114 ||   362
  Block: Buckler           |    15 |    89 |   268 |   320 ||   692
